 Dungeon Crawl Stone Soup version 0.17-a0-2073-gde5cdba (webtiles) character file.

234434 kitsy the Executioner (level 19, -9/146 HPs)
             Began as a Hill Orc Fighter on Oct 12, 2015.
             Was the Champion of Beogh.
             Killed from afar by a shadow dragon (21 damage)
             ... with a bolt of negative energy
             ... on level 2 of the Depths on Oct 14, 2015.
             The game lasted 05:25:56 (36266 turns).

kitsy the Executioner (Hill Orc Fighter)           Turns: 36266, Time: 05:25:56

Health: -9/146     AC: 34    Str: 24 (25) XL:     19   Next: 60%
Magic:  26/26      EV:  6    Int: 12      God:    Beogh [******]
Gold:   2223       SH: 15    Dex: 14 (15) Spells: 0 memorised, 18 levels left

rFire  . . .     SeeInvis +     g - +9 war axe (drain)
rCold  + . .     Clarity  +     y - +9 plate armour "Arghoece" {rElec Regen+ Str+2}
rNeg   . . .     SustAt   .     z - +4 shield of Anarchy {rF+}
rPois  +         Gourm    .     c - +2 helmet "Ryffieck" {rPois Regen+ MP+9}
rElec  +         Spirit   .     e - +2 cloak
rCorr  .         Warding  .     D - +0 pair of gloves
rMut   .         Stasis   .     (no boots)
MR     +....                    t - amulet of Kuasoeng {Clar +Fly Int+4 Dex+3}
Stlth  ..........               f - ring of see invisible
                                s - ring of ice

@: very slightly contaminated, heavily drained, somewhat resistant to hostile
enchantments, extremely unstealthy
A: walk on water, deformed body, deterioration 2, frail 2, low mp 1, screaming
1, weak 1
a: Smiting, Recall Orcish Followers, Give Item to Named Follower, Renounce
Religion, Evoke Flight
}: 1/15 runes: serpentine


You were on level 2 of the Depths.
You worshipped Beogh.
Beogh was exalted by your worship.
You were not hungry.

You visited 7 branches of the dungeon, and saw 41 of its levels.
You also visited: Labyrinth and Volcano.

You collected 4698 gold pieces.
You spent 2475 gold pieces at shops.

Inventory:

Hand Weapons
 g - a +9 war axe of draining (weapon)
 N - the +7 greatsling "Punk" {freeze, rC+}
   (You acquired it on level 1 of the Snake Pit)

   It causes projectiles fired from it to freeze those they strike, causing
   extra injury to most foes and up to half again as much damage against
   particularly susceptible opponents.
   They can also slow down cold-blooded creatures.
   It protects you from cold.
 W - a +2 great mace of protection
 Z - a +3 morningstar of holy wrath
Armour
 c - the +2 helmet "Ryffieck" (worn) {rPois Regen+ MP+9}
   (You found it on level 4 of the Dungeon)

   It protects you from poison.
   It affects your magic capacity (+9).
   It increases your rate of regeneration.
 e - a +2 cloak (worn)
 y - the +9 plate armour "Arghoece" (worn) {rElec Regen+ Str+2}
   (You found it on level 3 of the Lair of Beasts)

   It affects your strength (+2).
   It insulates you from electricity.
   It increases your rate of regeneration.
 z - the +4 shield of Anarchy (worn) {rF+}
   (You found it on level 4 of the Dungeon)

   It protects you from fire.
 D - a +0 pair of gloves (worn)
 S - a +1 shadow dragon armour
 V - the +1 shield of the Peculiar Places {Dex+3}
   (You found it on level 3 of the Vaults)

   It affects your dexterity (+3).
Rods
 k - a +1 iron rod (13/13)
   (You took it off a minotaur in a labyrinth)
Jewellery
 f - a ring of see invisible (right hand)
 s - a ring of ice (left hand)
 t - the amulet of Kuasoeng (around neck) {Clar +Fly Int+4 Dex+3}
   (You bought it in a shop on level 1 of the Depths)

   [amulet of clarity]

   It provides mental clarity.
   It affects your intelligence (+4).
   It affects your dexterity (+3).
   It lets you fly.
 F - an uncursed ring of protection from fire
 J - an uncursed ring of poison resistance
 Q - an uncursed ring of invisibility
 Y - an uncursed amulet of stasis
Wands
 a - a wand of lightning (6)
 b - a wand of frost (48)
 i - a wand of heal wounds (2)
 q - a wand of teleportation (5)
 C - a wand of lightning (11)
 H - a wand of digging (14)
 K - a wand of polymorph (12)
 M - a wand of lightning (9)
 O - a wand of fire (2)
 P - a wand of cold (9)
Scrolls
 h - 4 scrolls of magic mapping
 l - 6 scrolls of teleportation
 m - 4 scrolls of fear
 n - 2 scrolls of holy word
 u - 4 scrolls of blinking
 w - 7 scrolls of identify
 A - 7 scrolls of recharging
 E - 8 scrolls of fog
 G - 11 scrolls of remove curse
Potions
 d - a potion of might
 j - 7 potions of agility
 r - 11 potions of curing
 v - 4 potions of haste
 I - 3 potions of flight
 L - a potion of cure mutation
 R - 4 potions of resistance
 U - a potion of berserk rage
 X - a potion of cancellation
Miscellaneous
 p - a lamp of fire
 T - a sack of spiders
Comestibles
 o - 45 fruits
 x - 14 meat rations
 B - 13 royal jellies


   Skills:
 + Level 19.3(17.6) Fighting
 - Level 24.2(22.8) Axes
 - Level 8.5(14.5) Maces & Flails
 - Level 8.0(6.7) Slings
 + Level 19.5(17.8) Armour
 * Level 5.8(4.6) Shields


You had 18 spell levels left.
You didn't know any spells.

Dungeon Overview and Level Annotations

Branches:
Dungeon (15/15)            Temple (0/1) D:4            Lair (8/8) D:10
  Snake (4/4) Lair:5        Slime (5/6) Lair:7          Orc (4/4) D:9
    Elf (0/3) Orc:4        Vaults (3/5) D:13          Crypt (0/3) Vaults:2
 Depths (2/5) D:15
  Swamp: Lair:3-6    Shoals: Lair:3-6

Altars:
Ashenzari
Cheibriados
Dithmenos
Elyvilon
Kikubaaqudgha
Nemelex Xobeh
Ru
Xom
Zin
The Shining One
Jiyva

Shops:
D:8 *   D:11 [   Orc:3 *   Orc:4 =(*[}   Snake:3 !   Vaults:1 *   Vaults:2 %%[*
Depths:1 =}   Depths:2 :

Portals:
Hell: Depths:1
Abyss: Depths:1
Pandemonium: Depths:1

Annotations:
D:4 crawdingle's ghost, novice HOFi
Lair:6 exclusion: oklob plant
Depths:1 1 exclusion


Innate Abilities, Weirdness & Mutations

You can walk on water.
Armour fits poorly on your strangely shaped body.
Your body often deteriorates upon taking damage.
You are very frail (-20% HP).
Your magical capacity is low (-10% MP).
You occasionally shout uncontrollably at your foes.
You are weak. (Str -2)


Message History

Orbeogh hits the golden dragon with a +2 long sword of holy wrath!
Your hellwing closely misses the juggernaut. x2
Bogrim blocks the stone giant's attack.
Drink which item? (? for menu, Esc to quit)
You feel better.
The golden dragon bites Orbeogh.
The golden dragon barely misses Orbeogh.
The golden dragon tramples Orbeogh!
Orbeogh stumbles backwards!
Bogdar barely misses the juggernaut.
You hear a bellow!
Your orc sorcerer gestures wildly while chanting.
Bogrim hits the stone giant with a +4 scimitar of flaming!
Bogrim burns the stone giant.
Your hellwing barely misses the juggernaut.
Your hellwing hits the juggernaut but does no damage.
Orbeogh hits the golden dragon with a +2 long sword of holy wrath!!!
The shadow dragon breathes negative energy at you.
The bolt of negative energy hits your hellwing.
Your hellwing completely resists.
The bolt of negative energy hits you!
You feel drained.
You die...

#o# .... #.#
##...# #.# ..
........ #.# .
... #.## . ..#
#3o##.##..# i
##3o##.#..##!.
##o#oo...i...
#o@oD..oC(..
###4CD(...u.
##D#..##(.
#.## .#


#hi # #.Y #.. #.. #$. You could see a juggernaut, a shadow dragon, 2 golden
dragons, a stone giant, a spriggan air mage, the friendly Bogdar the orc warlord
(frenzied), the friendly Bogrim the orc warlord, the friendly Orbeogh the orc
warlord (frenzied), 2 friendly orc knights, the friendly Jorge the orc knight
(frenzied), a friendly orc high priest (frenzied), a friendly hellwing, 2
friendly neqoxecs and a friendly orc sorcerer (frenzied).

Vanquished Creatures
  Asterion (Vaults:2)
  An acid blob (Slime:4)
  A fire giant (Depths:2)
  2 azure jellies
  2 greater nagas (Snake:4)
  A ghost moth (shapeshifter) (Vaults:3)
  5 vault wardens
  3 ironheart preservers
  3 stone giants
  A lorocyproca (Depths:1)
  4 very ugly things
  4 dire elephants (Lair:8)
  2 deep elf death magi (Vaults:1)
  Josephine (D:14)
  A minotaur (Lab)
  3 vault guards (D:13)
  A fire dragon (Depths:2)
  A great orb of eyes (Vaults:3)
  An entropy weaver (Depths:1)
  6 hydras
  Harold (Lair:2)
  5 naga warriors (Snake:4)
  A yaktaur captain (Vaults:3)
  Erica (D:8)
  5 centaur warriors
  5 anacondas
  A death yak (Lair:7)
  3 ogre magi
  2 deep troll earth magi
  2 tengu warriors
  3 deep troll shamans
  3 naga sharpshooters
  3 deep elf knights (Vaults:3)
  Sonja (Lair:2)
  A skeletal warrior (Vaults:2)
  A shadow wraith (Vaults:3)
  3 naga ritualists (Snake:4)
  2 giant orange brains
  4 sea snakes
  6 deep trolls
  3 swamp dragons (Lair:7)
  A small abomination (Vaults:1)
  3 ironbrand convokers
  A torturous demonspawn (Depths:1)
  5 mana vipers
  2 orc knights
  A deep elf conjurer (Vaults:3)
  4 hill giants
  A hornet (Vaults:3)
  3 cyclopes
  7 griffons
  3 salamanders
  A salamander (shapeshifter) (Vaults:1)
  An orc sorcerer (Orc:4)
  21 ugly things
  3 manticores
  9 elephants
  2 molten gargoyles (Volcano)
  4 vault sentinels
  5 spiny frogs
  17 black mambas
  A guardian serpent (shapeshifter) (Vaults:3)
  A torpor snail (shapeshifter) (D:15)
  6 naga magi
  4 guardian serpents (Snake:4)
  3 centaur skeletons
  6 fire drakes
  2 gargoyles (D:11)
  2 deep elf priests (Vaults:1)
  10 komodo dragons
  A komodo dragon (shapeshifter) (Depths:1)
  19 yaktaurs
  An efreet (D:15)
  A red devil (Depths:1)
  3 freezing wraiths
  2 tengu conjurers
  11 two-headed ogres
  10 blink frogs
  Prince Ribbit (D:9)
  18 slime creatures
  6 trolls
  4 boulder beetles
  A human simulacrum (Vaults:3)
  A spriggan (Lair:6)
  A deep elf mage (D:14)
  31 yaks
  3 basilisks
  A ynoxinul (Depths:1)
  A redback (Depths:1)
  6 golden eyes
  3 deep elf fighters
  7 wyverns (Lair:5)
  10 hippogriffs
  A hungry ghost (D:10)
  A steam dragon (Lair:5)
  3 swamp worms (Lair:7)
  5 wraiths (D:14)
  22 vampire mosquitoes
  7 wolves
  3 mottled dragons
  A water moccasin (shapeshifter) (Vaults:3)
  2 wargs (Orc:2)
  19 water moccasins
  21 nagas
  Duvessa (D:7)
  11 orc warriors
  2 sky beasts
  9 porcupines
  4 black bears
  2 swamp drakes (Lair:7)
  16 ogres
  An ice beast (D:10)
  2 phantoms
  8 centaurs
  2 eyes of draining
  A necrophage (D:6)
  10 crocodiles
  A brain worm (D:11)
  4 big kobolds
  12 giant frogs
  2 wyvern zombies
  A gnoll sergeant (D:8)
  Dowan (D:7)
  A wyvern skeleton (D:13)
  3 scorpions
  9 killer bees
  An electric eel (Lair:3)
  7 wights
  10 crimson imps
  2 giant frog zombies (D:8)
  22 jellies
  A centaur zombie (D:8)
  3 lava snakes (Volcano)
  2 quasits
  3 hounds
  6 hell rats (Lair:5)
  6 orc priests
  7 orc wizards
  11 worker ants
  6 iguanas
  7 sheep
  A hound zombie (D:11)
  A mummy (D:6)
  30 river rats
  12 gnolls
  4 shadow imps
  4 adders
  9 oozes
  An adder skeleton (D:6)
  An adder zombie (D:6)
  5 worms
  21 orcs
  3 ball pythons
  14 bats
  4 hobgoblins
  21 jackals
  14 kobolds
  5 quokkas
  3 giant cockroaches
  2 giant gecko zombies
  3 giant newts
  12 goblins
  2 hobgoblin zombies (D:6)
  A jackal skeleton (D:4)
  2 kobold zombies (D:6)
  A quokka zombie (D:9)
  12 rats
  10 fungi
  13 plants
864 creatures vanquished.

Vanquished Creatures (collateral kills)
  Norris (Snake:2)
  The ghost of Eldritch the Severer, an adept DDFi of Nemelex Xobeh (Snake:4)
  11 acid blobs
  A revenant (Vaults:2)
  5 greater nagas
  3 azure jellies
  An orc warlord (Orc:4)
  A frost giant (Vaults:3)
  A vault warden (Vaults:3)
  An emperor scorpion (D:15)
  A stone giant (Vaults:3)
  4 ironheart preservers
  Nessos (Orc:4)
  A deep elf demonologist (Vaults:2)
  A dire elephant (Lair:8)
  A death ooze (Slime:2)
  A blizzard demon (Depths:1)
  2 fire dragons
  A vault guard (D:13)
  An entropy weaver (Depths:1)
  4 yaktaur captains
  An ice dragon (Depths:2)
  A great orb of eyes (Depths:2)
  3 naga warriors
  3 hydras
  2 rakshasas (Depths:1)
  5 anacondas
  2 catoblepae
  A tengu warrior (Depths:2)
  A shock serpent (Snake:4)
  3 centaur warriors
  3 orc high priests (Orc:4)
  5 naga sharpshooters
  3 ogre magi
  A soul eater (Depths:1)
  An ice devil (Depths:1)
  A deep elf knight (Vaults:1)
  2 giant orange brains
  9 sea snakes
  A hill giant (D:15)
  A flayed ghost (Vaults:2)
  An obsidian statue (Depths:1)
  2 naga ritualists
  2 deep trolls (Vaults:3)
  3 orc knights (Orc:4)
  2 tengu zombies (Vaults:3)
  2 manticores
  4 mana vipers
  7 shining eyes
  A phantasmal warrior (Vaults:2)
  A cyclops (D:14)
  2 ironbrand convokers (Vaults:1)
  An orc sorcerer (Orc:4)
  A griffon (D:14)
  A sixfirhy (Depths:1)
  2 salamanders
  A necromancer (Vaults:3)
  19 ugly things
  4 vault sentinels
  3 guardian serpents (Snake:4)
  5 elephants
  18 black mambas
  8 naga magi
  5 spiny frogs
  2 rust devils (Depths:1)
  An efreet (D:13)
  9 yaktaurs
  4 komodo dragons
  A kobold demonologist (Vaults:2)
  4 two-headed ogres
  A tengu conjurer (Depths:1)
  3 trolls
  A red devil (Depths:1)
  A fire drake (Lair:5)
  A polar bear (Lair:6)
  2 blue devils (Depths:1)
  A queen bee (shapeshifter) (Depths:2)
  A jumping spider (Depths:1)
  33 slime creatures
  11 blink frogs
  A boulder beetle (Lair:8)
  A centaur simulacrum (D:14)
  A shadow (D:13)
  7 yaks
  2 redbacks (Depths:2)
  2 wyverns
  A hog (shapeshifter) (Depths:1)
  3 hippogriffs (Lair:5)
  A deep elf fighter (Vaults:2)
  2 deep elf magi
  2 wargs
  12 golden eyes
  A swamp worm (Lair:7)
  A wraith (Vaults:1)
  3 basilisks
  6 water moccasins
  17 nagas
  2 vampire mosquitoes (Vaults:2)
  7 wolves
  A mottled dragon (D:15)
  11 orc warriors
  A wasp (D:15)
  4 porcupines
  4 eyes of draining
  A sky beast (D:13)
  2 centaurs (Vaults:2)
  10 ogres
  6 crocodiles
  6 giant frogs
  A human zombie (Vaults:3)
  A brain worm (D:14)
  A scorpion (shapeshifter) (Vaults:2)
  3 wights (D:11)
  2 killer bees (D:12)
  2 electric eels
  4 crimson imps
  17 jellies
  An iguana (Lair:3)
  3 orc priests
  A hound (D:12)
  A human simulacrum (Vaults:1)
  A centaur skeleton (D:10)
  A hell rat (Lair:5)
  2 worker ants
  6 orc wizards
  8 sheep
  20 river rats
  2 adders
  A shadow imp (D:12)
  A white imp (Depths:1)
  2 oozes (Lair:7)
  13 orcs
  A quokka (D:11)
  4 fungi
  19 plants
500 creatures vanquished.

Vanquished Creatures (others)
  An orc warlord (Slime:4)
  11 orc knights
  A deep elf death mage (Vaults:2)
  A naga warrior (Snake:4)
  An ogre mage (Depths:2)
  An orc high priest (Snake:4)
  21 orc priests
  2 orc sorcerers
  A blink frog (Lair:7)
  A vampire mosquito (Vaults:3)
  26 orc warriors
  A sky beast (D:14)
  A giant frog (Lair:7)
  14 orc wizards
  81 orcs
  A bush (Lair:2)
  9 fungi
  9 plants
183 creatures vanquished.

Grand Total: 1547 creatures vanquished

Notes
Turn   | Place    | Note
--------------------------------------------------------------
     0 | D:1      | kitsy the Hill Orc Fighter began the quest for the Orb.
     0 | D:1      | Reached XP level 1. HP: 19/19 MP: 1/1
    81 | D:1      | Reached XP level 2. HP: 25/27 MP: 2/2
   260 | D:1      | Reached XP level 3. HP: 33/33 MP: 3/3
   621 | D:2      | Reached skill level 4 in Fighting
   778 | D:2      | Reached XP level 4. HP: 26/40 MP: 4/4
   918 | D:2      | Found a faded altar to an unknown god.
  1213 | D:2      | Found a white marble altar of Elyvilon.
  1500 | D:3      | Reached XP level 5. HP: 45/47 MP: 5/5
  1936 | D:3      | Reached skill level 5 in Axes
  2192 | D:4      | Got a shimmering shield
  2203 | D:4      | Identified the +4 shield of Anarchy {rF+} (You found it on level 4 of the Dungeon)
  2213 | D:4      | Got an encrusted helmet
  2219 | D:4      | Identified the +2 helmet "Ryffieck" {rPois Regen+ MP+9} (You found it on level 4 of the Dungeon)
  2322 | D:4      | Found a staircase to the Ecumenical Temple.
  2340 | D:4      | Reached skill level 5 in Fighting
  2340 | D:4      | Reached XP level 6. HP: 40/56 MP: 6/6
  2653 | D:4      | Noticed crawdingle's ghost (novice HOFi)
  2688 | D:5      | Entered Level 5 of the Dungeon
  2705 | D:5      | Reached skill level 6 in Axes
  2705 | D:5      | Reached skill level 5 in Armour
  2794 | D:5      | Reached XP level 7. HP: 61/61 MP: 7/7
  2827 | D:5      | Found a shattered altar of Ashenzari.
  2894 | D:5      | Reached skill level 7 in Axes
  3010 | D:5      | Became a worshipper of Beogh the Brigand
  3524 | D:6      | Found a shadowy altar of Dithmenos.
  3536 | D:6      | Reached skill level 8 in Axes
  3536 | D:6      | Reached XP level 8. HP: 59/71 MP: 8/8
  3547 | D:6      | Found a glowing silver altar of Zin.
  3551 | D:6      | Found a snail-covered altar of Cheibriados.
  3740 | D:6      | Reached * piety under Beogh
  3841 | D:6      | Reached skill level 9 in Axes
  4072 | D:7      | Found a shimmering altar of Xom.
  4119 | D:7      | Noticed Duvessa
  4120 | D:7      | Noticed Dowan
  4135 | D:7      | Killed Duvessa
  4135 | D:7      | Reached skill level 10 in Axes
  4135 | D:7      | Reached XP level 9. HP: 76/80 MP: 9/9
  4147 | D:7      | Killed Dowan
  4463 | D:7      | Identified the Handbook of Air
  4595 | D:8      | Reached ** piety under Beogh
  4602 | D:8      | Reached skill level 1 in Slings
  4717 | D:8      | Found an ancient bone altar of Kikubaaqudgha.
  4744 | D:8      | Found Tugeb's General Store.
  4758 | D:8      | Bought 2 potions of resistance for 300 gold pieces
  4758 | D:8      | Bought a potion of curing for 45 gold pieces
  5151 | D:8      | Noticed Erica
  5167 | D:8      | Killed Erica
  5484 | D:8      | Found a sparkling altar of Nemelex Xobeh.
  5497 | D:8      | Reached XP level 10. HP: 71/90 MP: 10/10
  5655 | D:9      | Noticed a griffon
  5670 | D:9      | Killed a griffon
  5912 | D:9      | Reached skill level 5 in Maces & Flails
  6059 | D:9      | Found a staircase to the Orcish Mines.
  6089 | D:9      | Reached *** piety under Beogh
  6189 | D:9      | Noticed Prince Ribbit
  6203 | D:9      | Killed Prince Ribbit
  6773 | D:10     | Entered Level 10 of the Dungeon
  6840 | D:10     | Noticed a tengu warrior
  6871 | D:10     | Killed a tengu warrior
  6898 | D:10     | Found a shadowy altar of Dithmenos.
  6954 | D:10     | Noticed a hill giant
  6962 | D:10     | Killed a hill giant
  7012 | D:10     | Reached skill level 10 in Fighting
  7024 | D:10     | Reached XP level 11. HP: 89/99 MP: 11/11
  7083 | D:10     | Noticed a cyclops
  7108 | D:10     | Killed a cyclops
  7140 | D:10     | Reached skill level 10 in Armour
  7327 | D:10     | Found a staircase to the Lair.
  7411 | Lair:1   | Entered Level 1 of the Lair of Beasts
  7503 | Lair:1   | Reached skill level 5 in Slings
  7660 | Lair:1   | Reached **** piety under Beogh
  8234 | Lair:2   | Reached skill level 11 in Axes
  8397 | Lair:2   | Noticed Sonja
  8400 | Lair:2   | Noticed a four-headed hydra
  8550 | Lair:2   | Gained Borgun as an ally
  8603 | Lair:2   | Noticed Harold
  8613 | Lair:2   | Killed Harold
  8613 | Lair:2   | Gained Bogwald as an ally
  8613 | Lair:2   | Reached XP level 12. HP: 70/110 MP: 12/12
  8679 | Lair:2   | Killed a four-headed hydra
  8742 | Lair:2   | Killed Sonja
  9179 | Lair:3   | Reached ***** piety under Beogh
  9251 | Lair:3   | Got a brightly glowing plate armour
  9262 | Lair:3   | Identified the +9 plate armour "Arghoece" {rElec Regen+ Str+2} (You found it on level 3 of the Lair of Beasts)
  9295 | Lair:3   | Reached skill level 12 in Armour
 10147 | Lair:4   | Got an iridescent hand crossbow
 10148 | Lair:4   | Identified the +5 hand crossbow of Inconvenience {freeze, rPois Str+2} (You found it on level 4 of the Lair of Beasts)
 10170 | Lair:4   | Got a pair of distressingly furry gloves
 10176 | Lair:4   | Identified the +0 pair of gloves "Peitugyu" {rC+ Dex-4 Slay+2} (You found it on level 4 of the Lair of Beasts)
 10439 | Lair:5   | Noticed an eight-headed hydra
 10440 | Lair:5   | Noticed an eight-headed hydra
 10444 | Lair:5   | Killed an eight-headed hydra
 10454 | Lair:5   | Killed an eight-headed hydra
 10459 | Lair:5   | Your ally Borgun died
 10479 | Lair:5   | Your ally Bogwald died
 10524 | Lair:5   | Reached XP level 13. HP: 45/118 MP: 13/13
 10529 | Lair:5   | Reached skill level 13 in Armour
 10533 | Lair:5   | Gained Ogrik as an ally
 10645 | Lair:5   | Found a staircase to the Snake Pit.
 10909 | Lair:5   | Your ally Ogrik died
 10972 | Lair:5   | Gained Bogrim as an ally
 11353 | Lair:6   | Reached ****** piety under Beogh
 12177 | Lair:6   | Reached skill level 14 in Armour
 12370 | Lair:7   | Found a staircase to the Slime Pits.
 12582 | Lair:7   | Reached XP level 14. HP: 129/129 MP: 14/14
 12921 | Lair:8   | Entered Level 8 of the Lair of Beasts
 12938 | Lair:8   | Reached skill level 15 in Armour
 14017 | D:10     | Upgraded the game from 0.17-a0-2064-g265a032 to 0.17-a0-2069-g0f4ee5b
 14337 | Orc:1    | Entered Level 1 of the Orcish Mines
 14707 | Orc:2    | Reached skill level 15 in Axes
 15030 | Orc:2    | Gained Garbold as an ally
 15063 | Orc:2    | Found a dark tunnel.
 15069 | Volcano  | Entered a volcano
 15348 | Volcano  | Found a bloodstained altar of Trog.
 15724 | Orc:3    | Found Tenob's Assorted Antiques.
 15888 | Orc:4    | Entered Level 4 of the Orcish Mines
 15926 | Orc:4    | Found a labyrinth entrance.
 15969 | Lab      | Entered a labyrinth
 17163 | Lab      | Identified Temeusmi's Tome of Lucky Transmigration (You found it in a labyrinth)
 17209 | Orc:4    | Found a staircase to the Elven Halls.
 17361 | Orc:4    | Found Fusch's Gadget Shoppe.
 17441 | Orc:4    | Noticed an orc warlord
 17456 | Orc:4    | Killed an orc warlord
 17664 | Orc:4    | Bought a wand of heal wounds (2) for 540 gold pieces
 17703 | Orc:4    | Reached skill level 16 in Armour
 17716 | Orc:4    | Noticed Nessos
 17721 | Orc:4    | Found Xeabob's General Store.
 17725 | Orc:4    | Killed Nessos
 17771 | Orc:4    | Found Leop's Jewellery Emporium.
 17780 | Orc:4    | Found Giocoerihe's Antique Armour Shoppe.
 17780 | Orc:4    | Found Burchil's Antique Weapon Shoppe.
 18048 | Orc:4    | Bought a scroll of torment for 82 gold pieces
 18846 | D:11     | Reached XP level 15. HP: 139/139 MP: 15/15
 19082 | D:11     | Found Hewk's Antique Armour Emporium.
 19839 | D:12     | Found a glowing silver altar of Zin.
 20115 | D:13     | Found a gate to the Vaults.
 20325 | D:13     | Reached skill level 15 in Fighting
 20326 | D:13     | Reached skill level 17 in Axes
 20571 | D:13     | Gained Hawl as an ally
 20679 | D:14     | Noticed Josephine
 20692 | D:14     | Killed Josephine
 20763 | D:14     | Found a sacrificial altar of Ru.
 21206 | D:14     | Found a glowing golden altar of the Shining One.
 21395 | D:15     | Entered Level 15 of the Dungeon
 21776 | D:15     | Found a staircase to the Depths.
 22311 | Snake:1  | Entered Level 1 of the Snake Pit
 22319 | Snake:1  | Identified 2 scrolls of acquirement
 22582 | Snake:1  | Reached skill level 18 in Axes
 22854 | Snake:2  | Noticed Norris
 22860 | Snake:2  | Killed Norris
 22996 | Snake:2  | Gained Marbork as an ally
 23006 | Snake:2  | Reached XP level 16. HP: 124/150 MP: 16/16
 23015 | Snake:2  | Gained Bogfrid as an ally
 23303 | Snake:2  | Found a shimmering altar of Xom.
 23324 | Snake:2  | Noticed a greater naga
 23333 | Snake:2  | Killed a greater naga
 23905 | Snake:3  | Reached skill level 19 in Axes
 24242 | Snake:3  | Found Lifoi's Distillery.
 24245 | Snake:3  | Bought a potion of curing for 36 gold pieces
 24245 | Snake:3  | Bought 2 potions of curing for 72 gold pieces
 24245 | Snake:3  | Bought a potion of curing for 36 gold pieces
 24618 | Snake:4  | Entered Level 4 of the Snake Pit
 24730 | Snake:4  | Your ally Bogfrid died
 25125 | Snake:4  | Noticed Eldritch's ghost (adept DDFi)
 25137 | Snake:4  | Killed Eldritch's ghost
 25474 | Snake:4  | Gained Bogdar as an ally
 25833 | Snake:4  | Reached skill level 20 in Axes
 26196 | Snake:4  | Reached XP level 17. HP: 109/160 MP: 17/17
 26361 | Snake:4  | Got a serpentine rune of Zot
 26999 | Vaults:1 | Entered Level 1 of the Vaults
 27558 | Vaults:1 | Gained Bogdan as an ally
 27729 | Vaults:1 | Reached skill level 21 in Axes
 27840 | Vaults:1 | Gained Morguth as an ally
 27850 | Vaults:1 | Your ally Hawl died
 27850 | Vaults:1 | Your ally Morguth died
 27863 | Vaults:1 | Gained Murdo as an ally
 28003 | Vaults:1 | Found Noggoh's General Store.
 28038 | Vaults:1 | Bought a scroll of random uselessness for 13 gold pieces
 28733 | Vaults:2 | Gained Margrim as an ally
 28869 | Vaults:2 | Gained Orbeogh as an ally
 28883 | Vaults:2 | Found Waargh's Armour Boutique.
 28989 | Vaults:2 | Found Esash's Assorted Antiques.
 29063 | Vaults:2 | Bought a scroll of enchant weapon for 225 gold pieces
 29063 | Vaults:2 | Bought a scroll of identify for 60 gold pieces
 29213 | Vaults:2 | Reached skill level 22 in Axes
 29214 | Vaults:2 | Found a staircase to the Crypt.
 29220 | Vaults:2 | Reached XP level 18. HP: 115/171 MP: 18/18
 29263 | Vaults:2 | Noticed Asterion
 29273 | Vaults:2 | Killed Asterion
 29362 | Vaults:2 | Found Obbann's Food Emporium.
 29626 | Vaults:2 | Found Toemaomu's Food Emporium.
 29857 | Vaults:3 | Your ally Bogdan died
 29869 | Vaults:3 | Gained Bogrim as an ally
 30042 | Vaults:3 | Got a heavily runed shield
 30053 | Vaults:3 | Identified the +1 shield of the Peculiar Places {Dex+3} (You found it on level 3 of the Vaults)
 30708 | Vaults:3 | Reached skill level 23 in Axes
 31277 | Vaults:2 | Bought a meat ration for 50 gold pieces
 31277 | Vaults:2 | Bought 2 fruits for 30 gold pieces
 31277 | Vaults:2 | Bought a meat ration for 50 gold pieces
 31277 | Vaults:2 | Bought 2 fruits for 30 gold pieces
 31277 | Vaults:2 | Bought a meat ration for 50 gold pieces
 31277 | Vaults:2 | Bought a meat ration for 50 gold pieces
 31277 | Vaults:2 | Bought a fruit for 15 gold pieces
 31324 | Vaults:2 | Bought a royal jelly for 28 gold pieces
 31324 | Vaults:2 | Bought a meat ration for 70 gold pieces
 31324 | Vaults:2 | Bought a meat ration for 70 gold pieces
 31324 | Vaults:2 | Bought a royal jelly for 28 gold pieces
 31324 | Vaults:2 | Bought a meat ration for 70 gold pieces
 31720 | Slime:1  | Entered Level 1 of the Pits of Slime
 31727 | Slime:1  | Gained Jorge as an ally
 31788 | Slime:1  | Your ally Murdo died
 31980 | Slime:2  | Gained mutation: You occasionally shout uncontrollably at your foes. [a shining eye]
 31982 | Slime:2  | Your ally Garbold died
 32011 | Slime:2  | Gained mutation: You are frail (-10% HP). [a shining eye]
 32057 | Slime:2  | Gained Orik as an ally
 33135 | Slime:4  | Reached XP level 19. HP: 144/162 MP: 19/19
 33170 | Slime:4  | Your ally Orik died
 33905 | Slime:5  | Gained mutation: You are very frail (-20% HP). [a shining eye]
 33975 | Slime:5  | Gained mutation: Your magical capacity is low (-10% MP). [a shining eye]
 34007 | Slime:5  | Your ally Bogrim died
 34101 | Slime:5  | Found a viscous altar of Jiyva.
 34273 | Slime:5  | Upgraded the game from 0.17-a0-2069-g0f4ee5b to 0.17-a0-2073-gde5cdba
 34473 | Slime:5  | Gained mutation: Your body sometimes deteriorates upon taking damage. [a shining eye]
 34537 | Slime:2  | Reached skill level 24 in Axes
 34617 | Slime:2  | Gained mutation: Armour fits poorly on your strangely shaped body. [a shining eye]
 34618 | Slime:2  | Gained mutation: You are weak. (Str -2) [a shining eye]
 34621 | Slime:2  | Gained mutation: Your body often deteriorates upon taking damage. [a shining eye]
 35063 | Depths:1 | Entered Level 1 of the Depths
 35119 | Depths:1 | Found a one-way gate to the infinite horrors of the Abyss.
 35381 | Depths:1 | Found Torphih's Quality Used Wands.
 35539 | Depths:1 | Found a one-way gate leading to the halls of Pandemonium.
 35658 | Depths:1 | Found Qasat's Jewellery Shoppe.
 35679 | Depths:1 | Bought the amulet of Kuasoeng {Clar +Fly Int+4 Dex+3} for 525 gold pieces
 35856 | Depths:1 | Your ally Margrim died
 35861 | Depths:1 | Found a gateway to Hell.
 35971 | Depths:1 | Reached skill level 5 in Shields
 35985 | Depths:2 | Your ally Marbork died
 36061 | Depths:2 | Found Tob Ofasef's Book Emporium.
 36254 | Depths:2 | Noticed a golden dragon
 36254 | Depths:2 | Noticed a juggernaut
 36255 | Depths:2 | Noticed a golden dragon
 36264 | Depths:2 | HP: 4/146 [juggernaut (60)]
 36266 | Depths:2 | Killed from afar by a shadow dragon

Vault maps used:
D:1:      lightli_arrival_windingriver, minmay_circled_x
D:2:      lemuel_doored_altar, first_bread, ecumenical_altar_1,
          grunt_ministairs_10, kennysheep_generic_room_12
D:3:      serial_bayou_lagoon_b
D:4:      temple_pool_a
D:5:      kennysheep_big_flooded_room, cheibrodos_ashenzari_chains
D:6:      grunt_temple_overflow_diamond, minmay_mini_ossuary
D:7:      old_standard_altar, serial_aquarium, aquarium_bridge_square,
          aquarium_window_2, aquarium_window_fake, aquarium_window_fake,
          aquarium_window_fake, aquarium_view_2b, aquarium_view_2a,
          aquarium_balcony_5b, aquarium_pool_five, uniq_duvessa
D:8:      kennysheep_little_box, nemelex_xobeh_ov_fountains_minmay,
          serial_shops, shop, uniq_erica
D:9:      david_orc_2, hangedman_little_slice_of_home,
          minmay_misc_feat_diagonals, hangedman_decor_diamond_cutter,
          hangedman_decor_slide_cut, uniq_prince_ribbit1
D:10:     david_lair_shrubbed, nicolae_dithmenos_the_darkroom
D:11:     serial_shops, nicolae_shop_temple_entry_statues_fountains
D:12:     basic_altar, kennysheep_nub, kennysheep_small_circle
D:13:     lightli_vaults_fourway_checkpoint
D:14:     tso_altar, nicolae_ru_awakened_eye, uniq_josephine
D:15:     hangedman_depths_entry_try_elsewhere_first, minmay_misc_feat_x
Lair:1:   infiniplex_staircase_pool, serial_bayou_shore_a
Lair:2:   minivault_11, grunt_forest_large_clearings, uniq_sonja, uniq_harold
Lair:3:   grunt_forest_small_clearings, minmay_stone_trees_medium,
          serial_bayou_pond_b, nicolae_quartered_pool_super
Lair:4:   minmay_swamp_entry_worms
Lair:5:   minmay_snake_entry_six_corridors
Lair:6:   grunt_forest_stairs_clearing
Lair:7:   onia_ninara_swampy_vault, nicolae_slime_entry_slimehenge,
          nicolae_lair_yak_garden
Lair:8:   due_jungle_book, lemuel_fruit_tree
Snake:2:  basic_altar, uniq_norris
Snake:3:  serial_shops, nicolae_shop_behind_doors
Snake:4:  grunt_snake_rune_pools
Slime:4:  nicolae_slime_round_cave
Slime:5:  basic_altar
Orc:2:    enter_volcano_4
Orc:3:    serial_shops, shop, nicolae_orc_pool_cavern
Orc:4:    st_orc_congregation, serial_shops, shop, lab_entry_generic,
          mines4_lemuel, uniq_nessos
Vaults:1: v_misc_27, v_rooms_5, st_hourglassy, v_rooms_2,
          vaults_mumra_minichess_inversion, vaults_room_semicircle,
          serial_shops, nicolae_shop_statue_plus
Vaults:2: minmay_crypt_entry_simple_box, v_misc_12, grunt_vaults_twisty,
          grunt_vaults_funnel, vaults_room_pools, ontoclasm_vaults_gateway,
          v_misc_24, serial_shops, nicolae_shop_temple_entry_statues_fountains,
          nicolae_shop_crystal, shop, nicolae_shop_stone, uniq_asterion
Vaults:3: hangedman_vaults_impose, v_pattern_2, vaults_room_octagon,
          v_alt_pattern_5, ontoclasm_vaults_ring_square,
          nicolae_vaults_alarming, hangedman_vaults_stream,
          hangedman_vaults_nodes, nicolae_vaults_ring_of_whatevers,
          hangedman_vaults_maws, hangedman_vaults_impose, vaults_dpeg_diagonal,
          basic_altar
Depths:1: grunt_hell_entry_demonic_statue, rand_demon_pan_entry_9, serial_shops,
          shop_fountains, abyss_entry, abandoned_shop, nicolae_for_you_no_charge
Depths:2: minmay_crescents, serial_shops, kennysheep_mini, hell_entry,
          wad_floor_pattern_untrapped, abandoned_shop, serial_bayou_shore_b,
          infiniplex_staircase_split_hallway
Lab:      nicolae_lab_dead_adventurers, nicolae_lab_t_cross
Volcano:  volcano_lake

Action                   |  1- 3 |  4- 6 |  7- 9 | 10-12 | 13-15 | 16-18 | 19-21 || total
-------------------------+-------+-------+-------+-------+-------+-------+-------++-------
Melee: War axe           |   132 |   250 |   294 |   204 |   971 |   999 |   187 ||  3037
       Flail             |       |       |    58 |   458 |    17 |       |       ||   533
 Fire: Hunting sling     |       |       |    19 |    40 |       |       |       ||    59
Invok: Convert to Beogh  |       |       |     1 |       |       |       |       ||     1
       Recall Orcish Fol |       |       |       |     2 |     1 |     4 |     1 ||     8
       Give Item to Name |       |       |       |     2 |     3 |     7 |     1 ||    13
Evoke: Wand              |       |       |       |       |     1 |       |       ||     1
  Use: Scroll            |       |       |       |    21 |    24 |    10 |     3 ||    58
       Potion            |       |       |       |     1 |     1 |     5 |     1 ||     8
 Stab: Distracted        |       |       |       |     2 |    10 |    14 |     5 ||    31
       Sleeping          |       |       |       |       |       |     6 |     2 ||     8
  Eat: Chunk             |       |     4 |     4 |     1 |       |       |       ||     9
       Beef jerky        |       |     1 |     1 |     1 |     2 |     2 |       ||     7
       Pizza             |       |     1 |       |     1 |     3 |       |       ||     5
       Bread ration      |       |       |     1 |     1 |     4 |     3 |     1 ||    10
       Meat ration       |       |       |       |     3 |     3 |     4 |     1 ||    11
